 Dungeon Crawl Stone Soup version 0.19-a0-854-gc78d25d (webtiles) character file.

29323 4thArraOfDagon the Stickfighter (level 13, -1/118 HPs)
             Began as a Minotaur Abyssal Knight on July 1, 2016.
             Was a Priest of Lugonu.
             Shot with a bolt by a yaktaur (31 damage)
             ... on level 13 of the Dungeon.
             The game lasted 00:40:38 (6359 turns).

4thArraOfDagon the Stickfighter (MiAK)              Turns: 6359, Time: 00:40:39

Health: -1/118     AC:  9    Str: 17    XL:     13   Next: 14%
Magic:  8/19       EV: 14    Int: 16    God:    Lugonu [***...]
Gold:   513        SH:  0    Dex: 14    Spells: 1 memorised, 10 levels left

rFire  . . .     SeeInvis .     e - +9 quarterstaff "Fotujel" {drain, Int+4}
rCold  . . .     Gourm    .     Q - troll hide
rNeg   . . .     Faith    .     (shield currently unavailable)
rPois  .         Spirit   .     (helmet restricted)
rElec  .         Dismiss  .     p - +0 cloak
rCorr  .         Reflect  .     g - +0 pair of gloves
SustAt .         Harm     .     J - +2 pair of boots {Fly}
MR     .....                    h - amulet of magic regeneration
Stlth  +.........               (no ring)
                                o - +1 ring of evasion

@: not resistant to hostile enchantments, very unstealthy
A: retaliatory headbutt, horns 2, agile 1
a: Depart the Abyss, Bend Space, Banish, Renounce Religion, Evoke Flight


You were on level 13 of the Dungeon.
You worshipped Lugonu.
Lugonu was most pleased with you.
You were near starving.

You visited 1 branch of the dungeon, and saw 15 of its levels.
You visited the Abyss 1 time.
You also visited: Labyrinth and Ice Cave.

You collected 697 gold pieces.
You spent 184 gold pieces at shops.

Inventory:

Hand Weapons
 d - a +0 blowgun
 e - the +9 quarterstaff "Fotujel" (weapon) {drain, Int+4}
   (You found it on level 2 of the Abyss)

   A truly terrible weapon, it drains the life of those it strikes.
   It affects your intelligence (+4).
 I - a +3 quarterstaff of protection
Missiles
 i - a throwing net (quivered)
 l - 6 curare-tipped needles
Armour
 g - a +0 pair of gloves (worn)
 p - a +0 cloak (worn)
 J - a +2 pair of boots of flying (worn)
 Q - a troll hide (worn)
 W - a +1 scale mail of fire resistance
Jewellery
 f - an uncursed ring of protection from cold
 h - an amulet of magic regeneration (around neck)
 m - an uncursed ring of protection from magic
 o - a +1 ring of evasion (left hand)
 w - an uncursed ring of fire
Wands
 a - a wand of digging (8/24)
 k - a wand of acid (9/15)
 t - a wand of acid (11/15)
 u - a wand of iceblast (5/15)
 L - a wand of teleportation (6/9)
 U - a wand of iceblast (9/15)
 V - a wand of hasting (2/9)
 Y - a wand of disintegration (12/24)
 Z - a wand of polymorph (0/24)
Scrolls
 j - a scroll of vulnerability {unknown}
 n - 2 scrolls of recharging {unknown}
 q - a scroll of random uselessness {unknown}
 x - 3 scrolls of remove curse
 y - 2 scrolls of fear {unknown}
 A - a scroll of brand weapon {unknown}
 B - a scroll of fog {unknown}
 E - a scroll of summoning {unknown}
 F - 2 scrolls of enchant armour {unknown}
 G - a scroll of blinking {unknown}
 H - 2 scrolls of immolation {unknown}
 M - 2 scrolls of amnesia {unknown}
 X - a scroll of acquirement {unknown}
Potions
 b - a potion of mutation {unknown}
 v - a potion of cure mutation
 C - 2 potions of flight
 D - 3 potions of lignification
 K - a potion of berserk rage
 N - a potion of magic {unknown}
 O - a potion of cancellation
 R - a potion of beneficial mutation
 S - 3 potions of curing
 T - 4 potions of heal wounds
Miscellaneous
 z - a phial of floods
Comestibles
 c - 8 bread rations
 P - 6 meat rations


   Skills:
 + Level 12.2 Fighting
   Level 2.4 Axes
 * Level 16.5 Staves
 + Level 11.7 Armour
 + Level 2.9 Dodging
 + Level 9.8 Invocations


You had 10 spell levels left.
You knew the following spells:

 Your Spells              Type           Power        Failure   Level  Hunger
a - Passwall              Tmut/Erth      #.........   43%         2    ###....


Dungeon Overview and Level Annotations

Branches:
Dungeon (15/15)            Temple (0/1) D:6             Orc (0/2) D:12
 Depths (0/5) D:15
   Lair: D:8-11      Vaults: D:13-14

Altars:
Dithmenos
Elyvilon
Gozag
Hepliaklqana
Pakellas
Ru
The Shining One
Lugonu

Shops:
D:5 (   D:6 *   D:7 *[   D:13 %   D:15 }

Annotations:
D:8 Gruud's ghost, novice DsGl
D:11 Shenda's ghost, journeyman TrMo


Innate Abilities, Weirdness & Mutations

You reflexively headbutt those who attack you in melee.
You have a pair of horns on your head.
You are agile. (Dex +2)


Message History

* * * LOW HITPOINT WARNING * * *
You see here a bolt.
Unknown command.
Unknown command.
Unknown command.
Unknown command.
Your surroundings suddenly seem different.
The vault guard shouts!
Unknown command.
Unknown command.
Unknown command.
Unknown command.
The yaktaur shouts!
The yaktaur shoots a bolt.
The bolt hits you.
* * * LOW HITPOINT WARNING * * *
You see here a bolt.
Unknown command.
Unknown command.
The yaktaur shoots a bolt.
The bolt hits you!!
You die...

#... #
###pe###+++###pc########### ####
.≈≈≈≈≈≈≈...≈≈≈≈≈≈≈.......##
...###.≈≈≈≈≈≈≈...≈≈≈≈≈≈≈..(......
........≈≈≈≈≈≈...≈≈≈≈≈≈.....(....
.........≈≈≈≈.....≈≈≈≈...........
...../#.................###......
..#..............(...............
.##.(....<)###..@.......(........
###........##....................
###...........................#.#
##.<.......###)...........##.....
#..#####...# #.....<....#.###....
.>#......### ##.).......### ##...
....############........# #.##
###.....................# #.## #
######........[.......... ....


You could see 2 vault guards, a deep elf archer and a yaktaur.

Vanquished Creatures
  A fire dragon (D:13)
  3 centaur warriors (D:13)
  An unseen horror (D:12)
  A hill giant (D:13)
  A wolf spider (D:13)
  5 ugly things
  A manticore (D:11)
  5 deep elf magi
  2 gargoyles (Lab)
  An efreet (D:13)
  3 trolls
  A polar bear (IceCv)
  A meliai (shapeshifter) (D:13)
  3 meliai (D:14)
  Grinder (D:4)
  Prince Ribbit (D:7)
  12 slime creatures
  2 two-headed ogres
  2 wraiths
  2 shadows
  2 redbacks
  11 yaks
  3 hungry ghosts
  4 vampire mosquitoes (D:13)
  3 hippogriffs
  A mottled dragon (D:13)
  4 water moccasins
  3 sky beasts
  2 ice beasts
  6 orc warriors
  2 phantoms
  7 ogres
  13 centaurs
  A crocodile (D:13)
  8 giant frogs
  A water moccasin zombie (D:5)
  2 wyvern skeletons
  A water moccasin skeleton (D:9)
  2 scorpions
  A killer bee (D:14)
  11 wights
  4 howler monkeys
  An electric eel (D:13)
  8 crimson imps
  3 centaur zombies
  2 lava snakes (D:11)
  2 quasits
  11 orc wizards
  3 giant frog skeletons
  A giant frog zombie (D:5)
  A jelly (D:8)
  4 orc priests
  6 hounds
  4 iguanas
  6 worker ants
  11 adders
  3 shadow imps
  An adder zombie (D:10)
  An adder skeleton (D:8)
  5 worms
  2 dart slugs
  3 giant geckos
  50 orcs
  14 bats
  2 giant cockroaches
  6 goblins
  5 hobgoblins
  10 jackals
  3 kobolds (D:3)
  2 quokkas
  A giant cockroach zombie (D:6)
  A giant newt (D:5)
  A jackal skeleton (D:5)
  6 rats
320 creatures vanquished.

Vanquished Creatures (others)
  2 frost giants
  A minotaur (Lab)
  2 hydras
  2 centaur warriors (D:14)
  A death yak (IceCv)
  A hill giant (D:13)
  An ugly thing (D:11)
  A manticore (D:14)
  A cyclops (D:13)
  A gargoyle (D:14)
  A rime drake (IceCv)
  A polar bear (IceCv)
  7 yaks (IceCv)
  A wolf (IceCv)
  5 starspawn tentacles (IceCv)
  32 starspawn tentacle segments (IceCv)
60 creatures vanquished.

Grand Total: 380 creatures vanquished

Notes
Turn   | Place    | Note
-------+----------+-------------------------------------------
     0 | Abyss:1  | 4thArraOfDagon the Minotaur Abyssal Knight began the quest for the Orb.
     0 | Abyss:1  | Reached XP level 1. HP: 19/19 MP: 1/1
    34 | Abyss:2  | Noticed a small abomination
    58 | Abyss:2  | Got a polished quarterstaff
    74 | Abyss:2  | Noticed a smoke demon
    78 | Abyss:2  | Noticed a cacodemon
    90 | D:1      | Escaped the Abyss
    91 | D:1      | Identified the +9 quarterstaff "Fotujel" {drain, Int+4} (You found it on level 2 of the Abyss)
   134 | D:2      | Reached skill level 2 in Staves
   134 | D:2      | Reached XP level 2. HP: 24/26 MP: 2/2
   189 | D:2      | Reached * piety under Lugonu
   244 | D:1      | Reached skill level 3 in Staves
   322 | D:2      | Found a sacrificial altar of Ru.
   364 | D:1      | Reached XP level 3. HP: 31/31 MP: 3/3
   463 | D:3      | Reached skill level 4 in Staves
   463 | D:3      | Reached XP level 4. HP: 12/39 MP: 4/4
   504 | D:3      | Reached ** piety under Lugonu
   592 | D:3      | Reached skill level 5 in Staves
   707 | D:4      | Reached XP level 5. HP: 36/45 MP: 5/5
   710 | D:4      | Reached skill level 6 in Staves
   787 | D:5      | Entered Level 5 of the Dungeon
   798 | D:5      | Noticed an ogre
   805 | D:5      | Killed an ogre
   805 | D:5      | Reached skill level 7 in Staves
   805 | D:5      | Reached XP level 6. HP: 52/52 MP: 6/6
   867 | D:5      | Found Usakir's Antique Weapon Boutique.
   934 | D:4      | Noticed Grinder
   949 | D:4      | Paralysed by Grinder for 3 turns
   956 | D:4      | Killed Grinder
   956 | D:4      | Reached XP level 7. HP: 37/60 MP: 8/8
  1023 | D:4      | Found a glowing golden altar of the Shining One.
  1120 | D:5      | Found an opulent altar of Gozag.
  1124 | D:5      | Reached skill level 8 in Staves
  1147 | D:5      | Found a white marble altar of Elyvilon.
  1154 | D:5      | Reached *** piety under Lugonu
  1306 | D:6      | Found Alaxa's Serpentskin Sales.
  1318 | D:6      | Reached skill level 5 in Fighting
  1324 | D:6      | Reached XP level 8. HP: 48/68 MP: 9/9
  1345 | D:6      | Reached skill level 9 in Staves
  1363 | D:6      | Reached skill level 5 in Armour
  1383 | D:6      | Found a staircase to the Ecumenical Temple.
  1619 | D:7      | Found Giril's Assorted Antiques.
  1626 | D:7      | Bought a scroll labeled POLERPH XYEN for 32 gold pieces
  1626 | D:7      | Bought a scroll labeled LEISOG SUYNUIJ for 32 gold pieces
  1626 | D:7      | Bought a dark potion for 28 gold pieces
  1626 | D:7      | Bought a silvery potion for 28 gold pieces
  1626 | D:7      | Bought a scroll labeled YCSOAZUCHEU for 32 gold pieces
  1626 | D:7      | Bought a scroll labeled NILEPP NOATWESHRI for 32 gold pieces
  1626 | D:7      | Found Cuwnypt's Armour Shop.
  1662 | D:7      | Found a sacrificial altar of Ru.
  1662 | D:7      | Noticed a deep elf mage
  1663 | D:7      | Noticed a deep elf mage
  1668 | D:7      | Killed a deep elf mage
  1672 | D:7      | Killed a deep elf mage
  1672 | D:7      | Reached skill level 10 in Staves
  1672 | D:7      | Reached skill level 5 in Invocations
  1672 | D:7      | Reached XP level 9. HP: 66/78 MP: 11/11
  1792 | D:8      | Noticed a brown ugly thing
  1796 | D:8      | Banished a brown ugly thing
  1813 | D:8      | Reached skill level 11 in Staves
  1885 | D:7      | Noticed Prince Ribbit
  1893 | D:7      | Killed Prince Ribbit
  2088 | D:8      | Noticed Gruud's ghost (novice DsGl)
  2118 | D:8      | Reached **** piety under Lugonu
  2304 | D:8      | Found an oddly glowing altar of Pakellas.
  2528 | D:9      | Reached XP level 10. HP: 78/88 MP: 13/13
  2644 | D:9      | Reached skill level 12 in Staves
  2870 | D:10     | Entered Level 10 of the Dungeon
  2884 | D:10     | Reached ***** piety under Lugonu
  2990 | D:11     | Noticed Shenda's ghost (journeyman TrMo)
  3033 | D:10     | Gained mutation: You are clumsy. (Dex -2) [mutagenic meat]
  3036 | D:10     | Gained mutation: You occasionally shout uncontrollably at your foes. [mutagenic meat]
  3039 | D:10     | Gained mutation: Your spells are a little easier to cast, but a little less powerful. [mutagenic meat]
  3042 | D:10     | Gained mutation: Armour fits poorly on your strangely shaped body. [mutagenic meat]
  3045 | D:10     | Gained mutation: You evolve. [mutagenic meat]
  3126 | D:10     | Found a shadowy altar of Dithmenos.
  3420 | D:11     | Noticed a deep troll earth mage
  3444 | D:11     | Banished a deep troll earth mage
  3444 | D:11     | Reached skill level 13 in Staves
  3564 | D:11     | Noticed a brown ugly thing
  3565 | D:11     | Banished a brown ugly thing
  3599 | D:11     | Lost mutation: You are clumsy. (Dex -2) [mutagenic meat]
  3602 | D:11     | Gained mutation: You can translocate small distances at will. [mutagenic meat]
  3660 | D:11     | Reached XP level 11. HP: 67/97 MP: 15/15
  3850 | D:12     | Noticed a red ugly thing
  3854 | D:12     | Found a staircase to the Orcish Mines.
  3859 | D:12     | Killed a red ugly thing
  3934 | D:13     | Noticed a deep elf mage
  3943 | D:13     | Killed a deep elf mage
  3943 | D:13     | Reached skill level 10 in Fighting
  3977 | D:13     | Noticed a vault guard
  4020 | D:13     | Noticed a hill giant
  4040 | D:13     | Killed a hill giant
  4040 | D:13     | Reached skill level 14 in Staves
  4146 | D:13     | Found a hazy altar of Hepliaklqana.
  4169 | D:13     | Found Rarilet's Food Emporium.
  4286 | D:12     | Killed an unseen horror
  4330 | D:12     | Reached skill level 10 in Armour
  4418 | D:12     | Noticed a seven-headed hydra
  4428 | D:12     | Banished a seven-headed hydra
  4491 | D:13     | Noticed a deep elf archer
  4491 | D:13     | Noticed a vault guard
  4512 | D:14     | Noticed a centaur warrior
  4514 | D:14     | Banished a centaur warrior
  4723 | D:14     | Reached XP level 12. HP: 80/108 MP: 17/17
  4735 | D:14     | Reached skill level 15 in Staves
  4868 | D:14     | Found a frozen archway.
  4868 | D:14     | Noticed a centaur warrior
  4869 | D:14     | Banished a centaur warrior
  4875 | IceCv    | Entered an ice cave
  4986 | IceCv    | Lost mutation: You evolve. [potion of cure mutation]
  4986 | IceCv    | Lost mutation: Your spells are a little easier to cast, but a little less powerful. [potion of cure mutation]
  4986 | IceCv    | Lost mutation: You can translocate small distances at will. [potion of cure mutation]
  4986 | IceCv    | Lost mutation: You occasionally shout uncontrollably at your foes. [potion of cure mutation]
  4986 | IceCv    | Lost mutation: Armour fits poorly on your strangely shaped body. [potion of cure mutation]
  5006 | IceCv    | Noticed a death yak
  5006 | IceCv    | Noticed a frost giant
  5013 | IceCv    | Corrupted IceCv
  5020 | IceCv    | Killed a death yak
  5051 | IceCv    | Killed a frost giant
  5054 | IceCv    | Noticed a tentacled starspawn
  5118 | IceCv    | Got a sapphire-encrusted leather armour
  5250 | D:15     | Entered Level 15 of the Dungeon
  5263 | D:15     | Found Ijisoytu's Gadget Shoppe.
  5287 | D:15     | Noticed a seven-headed hydra
  5289 | D:15     | Banished a seven-headed hydra
  5298 | D:15     | Found a labyrinth entrance.
  5305 | Lab      | Entered a labyrinth
  5468 | Lab      | Noticed a minotaur
  5470 | Lab      | Banished a minotaur
  5477 | Lab      | Identified the Volume of Clay (You found it in a labyrinth)
  5485 | Lab      | Identified the Incunabulum of Igneous Transmigration (You found it in a labyrinth)
  5495 | Lab      | tstbtto: not learning passwall?
  5506 | Lab      | Learned a level 2 spell: Passwall
  5506 | Lab      | 4thArraOfDagon: ty
  5511 | D:15     | tstbtto: :)
  5513 | D:15     | 4thArraOfDagon: :D
  5614 | D:15     | Found a corrupted altar of Lugonu.
  5813 | D:14     | Identified the +1 leather armour of Vesuxue {rN+ MR+ Dex-3} (You found it in an ice cave)
  5828 | D:14     | Gained mutation: You are agile. (Dex +2) [mutagenic meat]
  5987 | D:13     | Reached skill level 16 in Staves
  6134 | D:13     | Noticed a centaur warrior
  6162 | D:13     | Killed a centaur warrior
  6216 | D:13     | Noticed a centaur warrior
  6228 | D:13     | Killed a centaur warrior
  6254 | D:13     | Noticed a fire dragon
  6263 | D:13     | Killed a fire dragon
  6263 | D:13     | Reached XP level 13. HP: 59/118 MP: 19/19
  6287 | D:13     | Noticed a frost giant
  6289 | D:13     | Banished a frost giant
  6341 | D:13     | Noticed a frost giant
  6345 | D:13     | Banished a frost giant
  6359 | D:13     | Shot with a bolt by a yaktaur

Vault maps used:
D:1:      lightli_arrival_quake, minivault_14, kennysheep_small_spiral
D:2:      nicolae_ru_awakened_eye
D:3:      first_bread
D:4:      nicolae_overflow_hidden_temple, minitemple, uniq_grinder
D:5:      black_bear_nest_1, elyvilon_altar_5, serial_shops,
          nicolae_shop_crystal, nicolae_gozag_seed_capital
D:6:      marbit_many_paths, guppyfry_shop_venom
D:7:      minmay_shoptagon, david_defended_altar_elf, uniq_prince_ribbit1
D:8:      minmay_blocky_corners, grunt_pakellas_mercury, david_lair_shrubbed
D:9:      grunt_ogre_cave, roderic_batcave
D:10:     basic_altar, mrwooster_statue_mirror
D:11:     eino_small_chamber_without_monster, kennysheep_island_fort
D:12:     orc_0_dummy
D:13:     lemuel_traditional_vault, grunt_vaults_entry_fortified, serial_shops,
          nicolae_shop_behind_doors, basic_altar,
          nicolae_qazlal_general_emergency
D:14:     serial_column_ruins, column_ruins_hut, column_ruins_columns_straight,
          column_ruins_grid_2, column_ruins_open_tiny, column_ruins_grid_1,
          column_ruins_corridor_T, hangedman_decor_points,
          portal_ice_cave_entry_pillars_2, minivault_14
D:15:     hangedman_depths_entry_try_elsewhere_first, lab_entry_generic,
          serial_shops, shop, basic_altar, tgw_lugonu_bribe, uniq_sonja
Abyss:2:  evilmike_abyss_exit_plants, minivault_4
Lab:      nicolae_lab_dead_adventurers, labyrinth_skeletal_remains,
          nicolae_lab_arrow, nicolae_lab_swirl, nicolae_lab_flowing_pool
IceCv:    ice_cave_caverns_03

Skill      XL: |  1  2  3  4  5  6  7  8  9 10 11 12 |
---------------+-------------------------------------+-----
Staves         | 2 3 4 5 7 8 10 11 13 14 16 | 16.5
Invocations    | 2 3 5 7 8 9 |  9.8
Armour         | 3 4 6 7 9 10 11 | 11.7
Fighting       | 4 5 6 7 9 10 12 | 12.2
Dodging        | 2 |  2.9
Axes           | |  2.4

Action                   |  1- 3 |  4- 6 |  7- 9 | 10-12 | 13-15 || total
-------------------------+-------+-------+-------+-------+-------++-------
Melee: Quarterstaff      |    32 |    66 |   166 |   594 |    13 ||   871
       Headbutt          |     4 |     6 |    28 |    87 |     1 ||   126
 Fire: Blowgun           |       |     2 |       |       |       ||     2
Throw: Throwing net      |       |       |       |     5 |       ||     5
Invok: Depart the Abyss  |     1 |       |       |       |       ||     1
       Banish            |       |       |     2 |    22 |     5 ||    29
       Corrupt           |       |       |       |     1 |       ||     1
 Abil: Stop Flying       |       |       |     1 |       |       ||     1
Evoke: Wand              |       |       |     2 |    13 |       ||    15
  Use: Potion            |     5 |       |       |     7 |       ||    12
       Scroll            |       |       |     2 |    17 |     1 ||    20
 Stab: Invisible         |     1 |       |       |       |       ||     1
       Sleeping          |       |     1 |       |       |       ||     1
       Held in net/web   |       |       |       |     5 |       ||     5
  Eat: Fruit             |     5 |       |       |       |       ||     5
       Beef jerky        |       |     1 |     1 |     7 |       ||     9
       Chunk             |       |       |       |    11 |       ||    11
       Royal jelly       |       |       |       |     1 |       ||     1
       Pizza             |       |       |       |     1 |       ||     1
       Bread ration      |       |       |       |     2 |       ||     2
Armor: Leather armour    |     7 |       |       |       |       ||     7
       Ring mail         |    13 |    18 |    39 |    32 |       ||   102
       Troll hide        |       |       |       |    72 |       ||    72
       Skin              |       |       |       |    67 |       ||    67
Dodge: Dodged            |    24 |    18 |    64 |   181 |     6 ||   293
